 Dungeon Crawl Stone Soup version 0.25-a0-285-gcba6f664f8 (webtiles) character file.

Game seed: 16241498092792978663, levelgen mode: deterministic

102 mopl the Sneak (level 4, 0/23 HPs)
             Began as a Vine Stalker Warper on Dec 11, 2019.
             Slain by a gnoll
             ... wielding a +0 flail
              (9 damage)
             ... on level 2 of the Dungeon.
             The game lasted 00:03:21 (1872 turns).

mopl the Sneak (Vine Stalker Warper)                Turns: 1872, Time: 00:03:22

Health: 0/23       AC:  2    Str: 14    XL:     4   Next: 77%
Magic:  0/8        EV: 12    Int: 13    God:
Gold:   55         SH:  0    Dex: 14    Spells: 3/7 levels left

rFire    . . .     SeeInvis .   a - +0 short sword
rCold    . . .     Gourm    .   (no shield)
rNeg     . . .     Faith    .   k - +0 robe
rPois    .         Spirit   +   (no helmet)
rElec    .         Reflect  .   (no cloak)
rCorr    .         Harm     .   (no gloves)
MR       .....                  (no boots)
Stlth    +++.......             (no amulet)
HPRegen  0.47/turn              (no ring)
MPRegen  0.11/turn              (no ring)

@: no status effects
A: fangs 2, regeneration 1, magic shield, antimagic bite, no potion heal 3, rot
immunity
a: no special abilities


You were on level 2 of the Dungeon.
You were not hungry.

You visited 1 branch of the dungeon, and saw 2 of its levels.

You collected 55 gold pieces.

Inventory:

Hand Weapons
 a - a +0 short sword (weapon)
Missiles
 e - 5 boomerangs of dispersal (quivered)
Armour
 k - a +0 robe (worn)
Scrolls
 b - a scroll of magic mapping {unknown}
 d - a scroll of blinking
 g - a scroll of remove curse {unknown}
 h - 2 scrolls of enchant armour {unknown}
Potions
 c - 4 potions of curing {unknown}
 i - a potion of berserk rage {unknown}
 l - a potion of resistance {unknown}
Comestibles
 f - 3 rations
 j - 9 chunks of flesh


   Skills:
 - Level 1.7 Fighting
 + Level 2.8 Short Blades
 - Level 0.8 Throwing
 - Level 0.7 Armour
 - Level 1.5 Dodging
 * Level 4.5 Stealth
 - Level 2.1 Spellcasting
 - Level 3.0 Translocations


You had 3 spell levels left.
You knew the following spells:

 Your Spells              Type           Power        Failure   Level  Hunger
e - Blink                 Tloc           N/A          11%         2    ###....
f - Shroud of Golubria    Chrm/Tloc      #.....       21%         2    ###....

Your spell library contained the following spells:

 Spells                   Type           Power        Failure   Level  Hunger
 Gell's Gravitas          Tloc           #.........   22%         3    ####...
 Lesser Beckoning         Tloc           #.........   22%         3    ####...
 Teleport Other           Tloc           #.......     22%         3    ####...
 Passage of Golubria      Tloc           N/A          58%         4    #####..


Dungeon Overview and Level Annotations

Branches:
Dungeon (2/15)

Altars:


Innate Abilities, Weirdness & Mutations

You have extremely sharp teeth.
Your natural rate of healing is unusually fast.
When hurt, damage is shared between your health and your magic reserves.
Your bite disrupts and absorbs the magic of your enemies.
Potions cannot restore your health.
You are immune to rotting.


Message History

You kill the gnoll!
You hit the gnoll. You bite the gnoll, but do no damage.
The gnoll is lightly wounded.
The gnoll hits you but does no damage.
You barely miss the gnoll.
The gnoll is lightly wounded.
The gnoll closely misses you.
You hit the gnoll. Your bite misses the gnoll.
The gnoll is lightly wounded.
The gnoll misses you.
You hit the gnoll.
The gnoll is moderately wounded.
You hit the gnoll but do no damage. You bite the gnoll. You drain its power.
You feel invigorated.
The gnoll is heavily wounded.
The gnoll hits you with a +0 flail!
You hit the gnoll.
The gnoll is almost dead.
The gnoll hits you with a +0 flail!
You die...

#..# .# #.#.# #### #....
g# #.#.# #..#.###g# #.#.#
......... #.#.#
.......%####.#.#####.#
#.......#............#
#.......#.##.#.##########
#.........##†#.# #.....#
.........gg@.#.####.###.#
#......>######........#.#
#.......# ######.#.#.#
#####.### #.....# #.
###÷### #. #.#
########.## ..........#
########..#


You could see 2 gnolls.

Vanquished Creatures
  2 gnolls
  4 adders (D:2)
  A dart slug (D:2)
  3 leopard geckos
  2 giant cockroaches
  6 goblins
  4 hobgoblins
  3 jackals (D:1)
  7 bats
  6 kobolds
  3 rats (D:1)
41 creatures vanquished.

Notes
Turn   | Place    | Note
-------+----------+-------------------------------------------
     0 | D:1      | mopl the Vine Stalker Warper began the quest for the Orb.
     0 | D:1      | Reached XP level 1. HP: 11/11 MP: 4/4
    52 | D:1      | Reached skill level 1 in Stealth
    56 | D:1      | Reached skill level 2 in Short Blades
   234 | D:1      | Reached XP level 2. HP: 12/15 MP: 6/6
   250 | D:1      | Reached skill level 2 in Stealth
   391 | D:1      | Learned a level 2 spell: Blink
   394 | D:1      | Learned a level 2 spell: Shroud of Golubria
   807 | D:1      | Reached skill level 3 in Stealth
   807 | D:1      | Reached XP level 3. HP: 7/18 MP: 1/7
  1595 | D:2      | Gained mutation: Your natural rate of healing is unusually
                  | fast. [Vine Stalker growth]
  1595 | D:2      | Reached XP level 4. HP: 4/23 MP: 2/8
  1711 | D:2      | Reached skill level 4 in Stealth
  1872 | D:2      | Slain by a gnoll

Levels and vault maps discovered:
D:1:      nicolae_arrival_memento_mori, layout_basic
D:2:      layout_loops_ring

Skill      XL: |  1  2  3  4 |
---------------+-------------+-----
Stealth        | 1 3 4 |  4.5
Short Blades   | 2 |  2.8
Fighting       | |  1.7
Throwing       | |  0.8
Armour         | |  0.7
Dodging        | |  1.5
Spellcasting   | |  2.1
Translocations | |  3.0

Action                   |  1- 3 |  4- 6 || total
-------------------------+-------+-------++-------
Melee: Short sword       |   108 |    60 ||   168
       Bite              |    19 |    17 ||    36
 Stab: Sleeping          |     4 |     1 ||     5
  Eat: Chunk             |     2 |     1 ||     3
Armor: Leather armour    |    28 |     6 ||    34
       Robe              |       |     8 ||     8
Dodge: Dodged            |    71 |    39 ||   110

Table legend:
 A = Non-vault XP
 B = Vault XP
 C = Vault XP percentage of total XP
 D = Non-vault monster count
 E = Vault monster count
 F = Vault count percentage of total count
                 A         B        C        D         E       F
            +---------+---------+-------+---------+---------+-------
      Total |     146 |       0 |   0.0 |      41 |       0 |   0.0
            +---------+---------+-------+---------+---------+-------
        D:1 |      56 |       0 |   0.0 |      25 |       0 |   0.0
        D:2 |      90 |       0 |   0.0 |      16 |       0 |   0.0
            +---------+---------+-------+---------+---------+-------
